 Dungeon Crawl Stone Soup version 0.31.0-1-g2c135a0 (webtiles) character file.

Game seed: 7434271082274126872

33924 samurai2 the Severer (level 13, -13/119 HPs)
             Began as a Minotaur Fighter on Feb 24, 2024.
             Was the Champion of Okawaru.
             Mangled by Rupert
             ... wielding a +1 great sword of protection
              (23 damage)
             ... on level 3 of the Lair of Beasts.
             The game lasted 01:25:08 (18428 turns).

samurai2 the Severer (Minotaur Fighter)            Turns: 18428, Time: 01:25:08

Health: -13/119    AC: 28    Str: 31    XL:     13   Next: 39%
Magic:  15/15      EV:  8    Int:  5    God:    Okawaru [******]
Gold:   391        SH:  0    Dex: 11    Spells: 12/12 levels left

rFire   . . .        v - +10 executioner's axe of the Philosopher {protect, rPois rN++}
rCold   . . .        (shield currently unavailable)
rNeg    + + .        E - +1 plate armour
rPois   +            (helmet restricted)
rElec   .            e - +0 cloak
rCorr   .            h - +0 pair of gloves
SInv    .            o - +0 pair of boots
Will    .....        a - amulet of the acrobat Stlth
                     W - +6 ring of strength
HPRegen 0.39/turn    z - ring of poison resistance
MPRegen 0.14/turn

%: acrobat
@: under a protective aura
A: horns 2, retaliatory headbutt
a: Renounce Religion, Heroism, Finesse, Duel


You were on level 3 of the Lair of Beasts.
You worshipped Okawaru.
Okawaru was exalted by your worship.
You visited 3 branches of the dungeon, and saw 18 of its levels.

You collected 874 gold pieces.
You spent 483 gold pieces at shops.

Inventory:

Hand Weapons
 b - the +8 frozen axe "Frostbite" {freeze, freezing cloud, *Noise Fly rC+}
   (You acquired it on level 4 of the Dungeon)

   rC+:       It protects you from cold.
   Fly:       It grants you flight.
   *Noise:    It may make a loud noise when swung.
 v - the +10 executioner's axe of the Philosopher (weapon) {protect, rPois rN++}
   (Okawaru gifted it to you on level 3 of the Lair of Beasts)

   rPois:     It protects you from poison rN++: It greatly protects you from
   negative energy.
Missiles
 c - 4 atropa-tipped darts
 d - a curare-tipped dart
 r - a throwing net
 w - 40 poisoned darts
 x - 81 stones
 D - 11 javelins
 F - 8 boomerangs
 T - a dart of dispersal
 U - 3 silver javelins
Armour
 e - a +0 cloak (worn)
 h - a +0 pair of gloves (worn)
 o - a +0 pair of boots (worn)
 y - a +1 tower shield of protection
 B - the +0 pair of boots "Ohofrupp" {rN+ Int+6}
   (Okawaru gifted it to you on level 3 of the Lair of Beasts)

   Int+6:     It affects your intelligence (+6).
   rN+:       It protects you from negative energy.
 E - a +1 plate armour (worn)
 P - the orb "Hyzoomn" {guile, Fly Dex+6}
   (You found it on level 8 of the Dungeon)

   Dex+6:     It affects your dexterity (+6).
   Fly:       It grants you flight.
 R - a +0 kite shield
Jewellery
 a - an amulet of the acrobat (around neck)
 f - a ring of magical power
 z - a ring of poison resistance (right hand)
 W - a +6 ring of strength (left hand)
Wands
 t - a wand of mindburst (1)
 u - a wand of paralysis (25)
 K - a wand of polymorph (9)
 M - a wand of digging (1)
 Y - a wand of iceblast (8) (quivered)
Scrolls
 l - a scroll of brand weapon {unknown}
 m - 3 scrolls of vulnerability
 n - 3 scrolls of poison
 p - 2 scrolls of revelation
 s - 4 scrolls of fog
 A - a scroll of fear
 L - a scroll of immolation {unknown}
 S - a scroll of silence
 V - a scroll of amnesia
 X - a scroll of blinking {unknown}
Potions
 g - a potion of haste {unknown}
 i - 5 potions of curing
 j - 4 potions of attraction
 k - 6 potions of enlightenment
 q - a potion of mutation
 I - 6 potions of lignification
 J - 4 potions of brilliance
 N - a potion of berserk rage
 O - a potion of cancellation
 Q - a potion of magic
 Z - 2 potions of might


   Skills:
 + Level 12.8 Fighting
 * Level 17.0 Axes
 + Level 12.7 Armour
 + Level 12.6 Shields
 - Level 5.0 Invocations


You had 12 spell levels left.
You didn't know any spells.
Your spell library contained the following spells:

 Spells                   Type           Power      Damage    Failure   Level
 Freeze                   Ice            0%         1d3       97%         1
 Magic Dart               Conj           0%         1d3       97%         1
 Ensorcelled Hibernation  Hex/Ice        0%         N/A       99%         2
 Searing Ray              Conj           0%         2d4       99%         2
 Frozen Ramparts          Ice            0%         1d1       100%        3
 Fugue of the Fallen      Necr           0%         N/A       100%        3
 Gell's Gravitas          Tloc           0%         N/A       100%        3
 Hailstorm                Conj/Ice       0%         3d5       100%        3
 Inner Flame              Hex/Fire       0%         N/A       100%        3
 Teleport Other           Tloc           0%         N/A       100%        3
 Anguish                  Hex/Necr       0%         N/A       100%        4
 Fulminant Prism          Conj/Alch      0%         3d5       100%        4
 Leda's Liquefaction      Alch/Erth      0%         N/A       100%        4
 Irradiate                Conj/Alch      0%         3d11      100%        5
 Lee's Rapid Deconstruct  Erth           0%         3d4*      100%        5
 Bombard                  Conj/Erth      0%         9d1       100%        6
 Dispersal                Tloc           0%         N/A       100%        6
 Ignition                 Fire           0%         3d3       100%        8


Dungeon Overview and Level Annotations

Branches:
Dungeon (14/15)            Temple (1/1) D:7            Lair (3/5) D:9
  Swamp (0/4) Lair:2       Spider (0/4) Lair:2
    Orc: D:9-12      Vaults: D:13-14

Altars:
Ashenzari
Cheibriados
Dithmenos
Elyvilon
Fedhas
Gozag
Hepliaklqana
Kikubaaqudgha
Makhleb
Nemelex Xobeh
Okawaru
Qazlal
Ru
Sif Muna
Trog
Uskayaw
Vehumet
Wu Jian
Xom
Yredelemnul
Zin
The Shining One
Lugonu

Shops:
D:3 *   D:9 *?![*

Portals:
Abyss: D:9
Trove: D:11 (give +7 demon whip)

Annotations:
D:9 2 runed translucent doors
Lair:3 Rupert


Innate Abilities, Weirdness & Mutations

You have a pair of horns on your head.
You reflexively headbutt those who attack you in melee.


Message History

Rupert yells loudly at you.
You suddenly lose the ability to move!
Rupert hits you with a +1 great sword of protection!
Rupert barely misses you. Rupert hits you but does no damage.
You can move again.
Rupert asks, "Why wear clothes with body like mine?"
Rupert roars madly and goes into a rage!
Rupert goes berserk!
Unknown command.
Rupert hits you with a +1 great sword of protection!
Unknown command.
Rupert hits you with a +1 great sword of protection! x2
Unknown command.
You are too confused!
You are too confused!
You are too confused!
You're too confused to move!
You feel less confused.
Rupert hits you with a +1 great sword of protection!!
Rupert hits you with a +1 great sword of protection!
Rupert barely misses you.
Rupert hits you with a +1 great sword of protection!
* * * LOW HITPOINT WARNING * * *
You are too injured to fight recklessly!
You feel better. Rupert barely misses you.
Rupert hits you with a +1 great sword of protection!!
* * * LOW HITPOINT WARNING * * *
Rupert closely misses you. You furiously retaliate!
You headbutt Rupert!
Unknown command.
You carve Rupert like a ham!!!
Your weapon exudes an aura of protection.
You headbutt Rupert.
Rupert is heavily wounded.
You hear an angry hiss.
Rupert hits you with a +1 great sword of protection!
* * * LOW HITPOINT WARNING * * *
Rupert hits you with a +1 great sword of protection!!
You die...
Rupert roars with triumph.

#.....##P...## .............
............. ............#
....>......# #.........#
...........###.........# .....
#...!................. . #....#
#.....................
.###.....###...@@................
.................................
.......................#.........
...............#.....###......P..
.##.............#.....##.........
##.............#.....##......)...
###............##....###.........
#...............#....#.#........#
................................#


You could see Rupert (berserk).

Vanquished Creatures
  Jorgrun (D:12)
  An eleionoma (Lair:2)
  Josephine (Lair:3)
  An ogre mage (D:10)
  A hydra (Lair:2)
  A centaur warrior (D:14)
  3 boulder beetles
  4 two-headed ogres
  A tengu warrior (D:10)
  3 death yaks
  Nergalle (D:12)
  Amaemon (Lair:3)
  An orb spider (Lair:2)
  4 cyclopes
  2 manticores
  An orange demon (Lair:3)
  A black mamba (Lair:3)
  3 gargoyles
  5 cane toads
  An unseen horror (D:11)
  An unseen horror zombie (D:9)
  6 komodo dragons
  A troll (D:12)
  3 red devils (D:9)
  An unseen horror skeleton (D:9)
  2 polar bears
  A troll (shapeshifter) (D:10)
  A hornet (D:7)
  3 shadows
  36 yaks
  A vampire (D:11)
  5 wraiths
  Grum (D:8)
  A vampire mosquito (D:10)
  2 steam dragons
  Duvessa (D:5)
  6 water moccasins
  A sky beast (D:7)
  2 orc warriors
  A black bear (D:7)
  3 ogres
  3 wolves (D:8)
  6 centaurs
  A phantom (D:5)
  3 kobold brigands
  17 bullfrogs
  3 gnoll sergeants
  2 scorpions (D:4)
  5 wights
  Dowan (D:5)
  6 howler monkeys
  Crazy Yiuf (D:2)
  A gnoll bouda (Lair:2)
  2 hounds (D:5)
  3 jellies
  7 orc priests
  4 iguanas
  8 orc wizards
  2 hell rats (D:9)
  Robin (D:2)
  A howler monkey zombie (D:9)
  20 gnolls
  8 adders
  A howler monkey skeleton (D:9)
  3 river rats
  A white imp (D:7)
  A howler monkey simulacrum (D:9)
  6 dart slugs
  A ribbon worm (D:4)
  34 orcs
  6 ball pythons
  9 endoplasms
  4 giant cockroaches
  18 goblins
  7 hobgoblins
  3 jackals (D:5)
  11 kobolds
  3 quokkas
  2 bats (D:3)
  4 frilled lizards (D:1)
  5 rats
340 creatures vanquished.

Notes
Turn   | Place    | Note
-------+----------+-------------------------------------------
     0 | D:1      | samurai2 the Minotaur Fighter began the quest for the Orb.
     0 | D:1      | Reached XP level 1. HP: 19/19 MP: 0/0
   548 | D:1      | Reached XP level 2. HP: 27/27 MP: 1/1
   613 | D:1      | Found a faded altar of an unknown god.
   694 | D:1      | Reached skill level 3 in Axes
  1367 | D:2      | Noticed Robin
  1372 | D:2      | Reached XP level 3. HP: 33/33 MP: 2/2
  1375 | D:2      | Killed Robin
  1459 | D:2      | Reached XP level 4. HP: 38/40 MP: 3/3
  1688 | D:2      | Found a runed translucent door.
  1689 | D:2      | Noticed Crazy Yiuf
  1885 | D:2      | Killed Crazy Yiuf
  1886 | D:2      | Reached skill level 4 in Axes
  2093 | D:3      | Reached XP level 5. HP: 45/47 MP: 4/4
  2376 | D:3      | Found an opulent altar of Gozag.
  2381 | D:3      | Found Gozag's Platinum Reserve.
  2522 | D:3      | Found a glowing golden altar of the Shining One.
  2525 | D:3      | Found a shadowy altar of Dithmenos.
  3090 | D:4      | Reached skill level 5 in Axes
  3163 | D:4      | Reached XP level 6. HP: 54/55 MP: 5/5
  3399 | D:4      | Identified the +3 ring mail of Boredom {Fly rPois Will-
                  | Dex+4}
  3404 | D:4      | Reached skill level 5 in Fighting
  3404 | D:4      | Reached skill level 5 in Armour
  3404 | D:4      | Reached skill level 5 in Shields
  3572 | D:4      | Identified a scroll of acquirement
  3572 | D:4      | Acquired the +8 frozen axe "Frostbite" {freeze, freezing
                  | cloud, *Noise Fly rC+}
  3572 | D:4      | Found the +8 frozen axe "Frostbite" {freeze, freezing
                  | cloud, *Noise Fly rC+}
  3668 | D:5      | Entered Level 5 of the Dungeon
  3683 | D:5      | Found a broken altar of Ashenzari.
  3756 | D:5      | Found a stormy altar of Qazlal.
  3782 | D:5      | Noticed Duvessa
  3782 | D:5      | Noticed Dowan
  3789 | D:5      | Killed Duvessa
  3790 | D:5      | Reached skill level 6 in Axes
  3790 | D:5      | Reached XP level 7. HP: 61/61 MP: 6/6
  3803 | D:5      | Killed Dowan
  4286 | D:5      | Reached skill level 7 in Axes
  4548 | D:5      | Found a burning altar of Makhleb.
  4633 | D:5      | Reached XP level 8. HP: 70/70 MP: 7/7
  5900 | D:6      | Reached skill level 8 in Axes
  6704 | D:7      | Noticed a hornet
  6711 | D:7      | Paralysed by a hornet for 1 turns
  6714 | D:7      | Killed a hornet
  6715 | D:7      | Reached skill level 9 in Axes
  6760 | D:7      | Reached XP level 9. HP: 70/79 MP: 8/8
  7710 | D:8      | Reached skill level 10 in Axes
  7981 | D:8      | Noticed a two-headed ogre
  7999 | D:8      | Killed a two-headed ogre
  8000 | D:8      | Reached skill level 11 in Axes
  8169 | D:8      | Noticed Grum
  8181 | D:8      | Reached XP level 10. HP: 78/90 MP: 9/9
  8269 | D:8      | Found an ancient bone altar of Kikubaaqudgha.
  8272 | D:8      | Killed Grum
  8516 | D:8      | Identified the orb "Hyzoomn" {guile, Fly Dex+6}
  9036 | D:9      | Found Zaymey's Assorted Antiques.
 10416 | D:7      | Found a staircase to the Ecumenical Temple.
 10421 | Temple   | Entered the Ecumenical Temple
 10440 | Temple   | Became a worshipper of Warmaster Okawaru
 10572 | D:9      | Found a blossoming altar of Fedhas.
 10636 | D:9      | Noticed a death yak
 10636 | D:9      | Noticed a death yak
 10660 | D:9      | Killed a death yak
 10660 | D:9      | Noticed a death yak
 10684 | D:8      | Killed a death yak
 10684 | D:8      | Reached * piety under Okawaru
 10685 | D:8      | Reached skill level 12 in Axes
 10692 | D:8      | Killed a death yak
 11036 | D:9      | Reached ** piety under Okawaru
 11038 | D:9      | Reached skill level 1 in Invocations
 11137 | D:9      | Found Yxiesele's Magic Scroll Shop.
 11145 | D:9      | Bought a scroll of enchant weapon for 105 gold pieces
 11145 | D:9      | Bought a scroll of enchant armour for 105 gold pieces
 11145 | D:9      | Bought a scroll of revelation for 105 gold pieces
 11191 | D:9      | Found a large runed translucent door.
 11191 | D:9      | Found a large runed translucent door.
 11192 | D:9      | Found a corrupted altar of Lugonu.
 11192 | D:9      | Noticed a brown ugly thing
 11197 | D:9      | Identified the +0 robe "Biecoik" {Fly MP+9}
 11221 | D:9      | Found a one-way gate to the infinite horrors of the Abyss.
 11226 | D:9      | Found a staircase to the Lair.
 11280 | D:9      | Reached XP level 11. HP: 85/99 MP: 11/11
 11330 | D:9      | Found Sihutt's Assorted Antiques.
 11338 | D:9      | Bought a scroll of enchant weapon for 150 gold pieces
 11338 | D:9      | Bought a ruby potion for 18 gold pieces
 11410 | D:9      | Found Yriapod's Distillery.
 11449 | D:9      | Reached *** piety under Okawaru
 11450 | D:9      | Reached skill level 13 in Axes
 11685 | D:9      | Found Jottip's Armour Shop.
 11780 | D:9      | Noticed a two-headed ogre
 11784 | D:9      | Killed a two-headed ogre
 11785 | D:9      | Reached skill level 10 in Fighting
 11785 | D:9      | Reached skill level 10 in Armour
 11785 | D:9      | Reached skill level 10 in Shields
 12015 | D:10     | Entered Level 10 of the Dungeon
 12099 | D:10     | Noticed a two-headed ogre
 12106 | D:10     | Killed a two-headed ogre
 12113 | D:10     | Reached **** piety under Okawaru
 12547 | D:10     | Found a bloodstained altar of Trog.
 12600 | D:10     | Noticed a boulder beetle
 12622 | D:10     | Killed a boulder beetle
 12902 | D:10     | Noticed an ogre mage
 12919 | D:10     | Paralysed by an ogre mage for 4 turns
 12926 | D:10     | Killed an ogre mage
 12927 | D:10     | Reached skill level 14 in Axes
 12976 | D:10     | Noticed a tengu warrior
 13070 | D:10     | Killed a tengu warrior
 13070 | D:10     | Reached ***** piety under Okawaru
 13735 | D:11     | Reached XP level 12. HP: 33/110 MP: 14/14
 14235 | D:11     | Noticed a two-headed ogre
 14245 | D:11     | Killed a two-headed ogre
 14311 | D:11     | Noticed a boulder beetle
 14334 | D:11     | Killed a boulder beetle
 14334 | D:11     | Received a gift from Okawaru
 14477 | D:11     | You are sucked into a shaft and drop 3 floors!
 14487 | D:14     | Noticed a centaur warrior
 14494 | D:14     | Killed a centaur warrior
 14533 | D:12     | Reached skill level 15 in Axes
 14533 | Arena    | Entered the Arena
 14537 | Arena    | Reached skill level 5 in Invocations
 14560 | D:12     | Noticed Nergalle
 14566 | D:12     | Noticed Jorgrun
 14574 | D:12     | Killed Nergalle
 14582 | D:12     | Killed Jorgrun
 14582 | D:12     | Received a gift from Okawaru
 14967 | D:11     | Found a portal to a secret trove of treasure.
 15120 | D:11     | Noticed a boulder beetle
 15144 | D:11     | Killed a boulder beetle
 15659 | Lair:1   | Entered Level 1 of the Lair of Beasts
 16047 | Lair:1   | Reached skill level 16 in Axes
 16661 | Lair:2   | Noticed a four-headed hydra
 16667 | Lair:2   | Killed a six-headed hydra
 16668 | Lair:2   | Reached XP level 13. HP: 106/118 MP: 15/15
 16804 | Lair:2   | Found a hole to the Spider Nest.
 17212 | Lair:2   | Noticed an eleionoma
 17223 | Lair:2   | Killed an eleionoma
 17223 | Lair:2   | Received a gift from Okawaru
 17732 | Lair:2   | Found a staircase to the Swamp.
 18026 | Lair:3   | Noticed Amaemon
 18044 | Lair:3   | Killed Amaemon
 18283 | Lair:3   | Reached ****** piety under Okawaru
 18319 | Lair:3   | Noticed Josephine
 18331 | Lair:3   | Killed Josephine
 18337 | Lair:3   | Reached skill level 17 in Axes
 18367 | Lair:3   | Acquired the +10 executioner's axe of the Philosopher
                  | {protect, rPois rN++}
 18367 | Lair:3   | Received a gift from Okawaru
 18382 | Lair:3   | Acquired the +0 pair of boots "Ohofrupp" {rN+ Int+6}
 18382 | Lair:3   | Received a gift from Okawaru
 18407 | Lair:3   | Noticed Rupert
 18416 | Lair:3   | Paralysed by Rupert for 4 turns
 18428 | Lair:3   | Mangled by Rupert

Illustrated notes

Levels and vault maps discovered:
D:1:      lemuel_arrival_room, layout_basic, serial_forest,
          infiniplex_forest_zigzag_2, infiniplex_forest_fountain,
          infiniplex_forest_pool, infiniplex_forest_clump_long,
          infiniplex_forest_clump_curved, infiniplex_forest_straight_3,
          infiniplex_forest_lined_4_way,
          shapermc_ecumenical_altar_mp_ritualfount, roderic_serpentine_path
D:2:      layout_rooms, uniq_robin, uniq_crazy_yiuf_cottage
D:3:      layout_basic, nicolae_gozag_zags_fifth_avenue,
          mainiacjoe_overflow_catwalk_spiral, nicolae_grassy_gnolls
D:4:      layout_rooms
D:5:      layout_loops_corners, ashenzari_conservatory_becter,
          nicolae_overflow_crystal_walls, nicolae_overflow_hidden_temple,
          chequers_serial_rivers_small_a, corexii_checkpoint, uniq_duvessa
D:6:      layout_basic, hex_tiny
D:7:      layout_basic, minmay_temple_entry_from_below_a, st_stairs_11
D:8:      layout_basic, mainiacjoe_overflow_tiny_flanked, uniq_grum
D:9:      due_chaos_kobolds, layout_irregular_city, mainiacjoe_overflow_catwalk,
          dpeg_lair_monsters, serial_shops, shop_statue, shop,
          nicolae_shop_back_alley_shop,
          nicolae_shop_temple_entry_statues_fountains, shop, enter_bailey_3,
          nrook_campfire, hangedman_weighted_door, chequers_arboretum,
          einodemon_armed_red_devil_minivault
D:10:     minmay_slanted_spiral_squares, layout_cave_pools,
          mainiacjoe_overflow_brackets
D:11:     layout_big_octagon, nicolae_trove_entry_free_sample
D:12:     minmay_the_grid_four_pointed_star
          [minmay_the_grid_triangle_9x9_pentomino_pain,
          minmay_the_grid_triangle_9x9_subtriangle,
          minmay_the_grid_triangle_9x9_flanged_cone,
          minmay_the_grid_triangle_9x9_odd_lines,
          minmay_the_grid_prize_shrinking_boxes], layout_long_grid,
          nicolae_kite_square_tiling_tiny, uniq_sonja, uniq_nergalle,
          uniq_jorgrun
D:13:     layout_stronghold, ximxim_vaults_locker_room, nicolae_stop_n_shop_1
D:14:     minmay_dotted_concentric_squares, layout_cave_pools,
          minmay_misc_feat_plants
Temple:   hellmonk_temple_forest_ring
Lair:1:   layout_regular_city
Lair:2:   layout_chaotic_city, alex1729_swamp_entry_worm_eleionoma,
          nicolae_spider_entry_orb_guardian, dreamdust_gnoll_shepherd,
          grunt_megastairs_4
Lair:3:   layout_small_grid, lemuel_fruit_tree, uniq_rupert, uniq_josephine,
          uniq_amaemon

Skill      XL: |  1  2  3  4  5  6  7  8  9 10 11 12 13 |
---------------+----------------------------------------+-----
Axes           | 3 4 5 6 7 9 11 12 14 16 17 | 17.0
Fighting       | 4 5 6 7 8 9 11 12 | 12.8
Armour         | 4 5 6 7 8 9 10 12 | 12.7
Shields        | 4 5 6 7 8 9 10 12 | 12.6
Invocations    | 1 4 5 |  5.0

Action                     |  1- 3 |  4- 6 |  7- 9 | 10-12 | 13-15 || total
---------------------------+-------+-------+-------+-------+-------++-------
  Melee: War axe           |    68 |   106 |   193 |   217 |       ||   584
         Headbutt          |    11 |    19 |    45 |    86 |    19 ||   180
         Executioner's axe |       |     5 |    50 |   158 |    72 ||   285
         Punch             |       |       |       |     3 |       ||     3
  Throw: Javelin           |       |       |       |       |     9 ||     9
 Invoke: Finesse           |       |       |       |     2 |       ||     2
         Duel              |       |       |       |     1 |       ||     1
         Receive Weapon    |       |       |       |       |     1 ||     1
         Receive Armour    |       |       |       |       |     1 ||     1
  Evoke: Wand              |       |       |     4 |    26 |     3 ||    33
    Use: Scroll            |       |     9 |     2 |    11 |     3 ||    25
         Potion            |       |       |     1 |    12 |     1 ||    14
   Stab: Paralysed         |       |       |       |     4 |       ||     4
 Armour: Scale mail        |    55 |    64 |       |       |       ||   119
         Ring mail         |       |     3 |    27 |       |       ||    30
         Plate armour      |       |       |   110 |   452 |    71 ||   633
         Skin              |       |       |     2 |       |       ||     2
  Dodge: Dodged            |    29 |    45 |    61 |   194 |    53 ||   382
  Block: Buckler           |    15 |    20 |       |       |       ||    35
         Tower shield      |       |       |   152 |    92 |       ||   244
